AoeStats
← Theekopje

Scandinavia

510701129Analyzed
1v1 RM · 2d ago on Oct 2, 2026· 43m 57s· 2 players
Game mode
Random Map
Map size
Tiny (2 player)
Population
200
Speed
Normal
Resources
Standard
Victory
Conquest
Starting age
Dark Age
Ending age
Imperial Age
RankedLock teamsTeams togetherTeam positionsShared explorationLock speedFull tech treeHidden civsTurbo modeCheats
Victory
Defeat
🇳🇱 Mongols · Netherlands
822
+14
🇧🇪 Tatars · Belgium
777
-14
Theekopje
6:54 Loom
12:17 Feudal Age
13:54 Fishing Lines
14:38 Double-Bit Axe
15:23 Man-at-Arms
18:05 Forging
17:57 Scale Mail Armor
22:52 Wheelbarrow
24:28 Horse Collar
27:54 Castle Age
27:26 Arson
29:43 Iron Casting
29:14 Scale Barding Armor
29:00 Fletching
29:11 Padded Archer Armor
30:37 Hand Cart
30:08 Town Watch
31:16 Elite Skirmisher
32:30 Chain Barding Armor
32:08 Bodkin Arrow
33:13 Husbandry
33:24 Bloodlines
33:13 Pikeman
33:54 Squires
stephenskocpol
6:30 Loom
11:11 Feudal Age
13:31 Double-Bit Axe
15:07 Bloodlines
15:52 Forging
15:47 Scale Barding Armor
17:08 Town Watch
18:54 Fishing Lines
23:03 Castle Age
21:06 Gold Mining
21:11 Stone Mining
21:18 Gold Mining
21:41 Horse Collar
22:47 Fletching
22:57 Padded Archer Armor
23:44 Bodkin Arrow
24:08 Crossbowman
24:56 Thumb Ring
25:05 Herbal Medicine
25:47 Leather Archer Armor
26:03 Gillnets
26:10 Gillnets
27:24 Bow Saw
30:32 Wheelbarrow
30:43 Wheelbarrow
30:48 Gold Shaft Mining
30:50 Stone Shaft Mining
30:17 Heavy Plow
32:58 Imperial Age
32:04 Ballistics
31:58 Masonry
32:02 Devotion
33:38 Iron Casting
33:23 Chain Barding Armor
33:46 Hand Cart
33:17 Town Watch
33:29 Light Cavalry
34:10 Husbandry
34:22 Bracer
35:47 Parthian Tactics
35:49 Chain Barding Armor
37:24 Hoardings
39:42 Town Patrol
39:42 Hussar
43:36 Chemistry
43:39 Blast Furnace
Connection lost

Rejoining the realm…

Still unreachable

The connection could not be restored.

Session expired

The server has moved on; the page needs a fresh start.